 Dungeon Crawl Stone Soup version 0.30-a0-782-ge64f9170bb (webtiles) character file.

Game seed: 8322311425911645185

43 Leeroy the Insei (level 3, 0/23 HPs)
             Began as an Octopode Transmuter on Feb 22, 2023.
             Slain by a river rat (5 damage)
             ... on level 3 of the Dungeon.
             The game lasted 00:00:50 (1210 turns).

Leeroy the Insei (Octopode Transmuter)              Turns: 1210, Time: 00:00:50

Health: 0/23       AC:  1    Str:  9    XL:     3   Next: 58%
Magic:  6/6        EV: 13    Int: 17    God:
Gold:   61         SH:  0    Dex: 12    Spells: 5/6 levels left

rFire   . . .      SeeInvis .      - Unarmed
rCold   . . .      Faith    .    (no shield)
rNeg    . . .      Spirit   .    (helmet restricted)
rPois   .          Reflect  .    (no amulet)
rElec   .          Harm     .    d - ring of resist corrosion
rCorr   +          Rampage  .    (no ring)
Will    .....                    (no ring)
Stlth   ++                       (no ring)
HPRegen 0.23/turn                (no ring)
MPRegen 0.10/turn                (no ring)
                                 (no ring)
                                 (no ring)

@: no status effects
A: almost no armour, amphibious, 8 rings, camouflage 1, gelatinous body 1,
(nimble swimmer 1), tentacles
a: no special abilities


You were on level 3 of the Dungeon.
You visited 1 branch of the dungeon, and saw 3 of its levels.

You collected 61 gold pieces.

Inventory:

Jewellery
 d - a ring of resist corrosion (left tentacle)
Scrolls
 g - 3 scrolls of identify {unknown}
 j - a scroll of immolation {unknown}
 k - a scroll of teleportation {unknown}
Potions
 a - a potion of lignification
 b - a potion of curing {unknown}
 c - 3 potions of heal wounds {unknown}
 e - a potion of magic {unknown}
 f - a potion of flight {unknown}
 h - a potion of might {unknown}
 i - a potion of experience {unknown}


   Skills:
 - Level 1.0 Fighting
 - Level 2.0 Dodging
 * Level 4.5 Unarmed Combat
 - Level 2.0 Spellcasting
 - Level 2.0 Transmutations


You had 5 spell levels left.
You knew the following spells:

 Your Spells              Type           Power      Damage    Failure   Level
a - Beastly Appendage     Tmut           16%        N/A       9%          1

Your spell library contained the following spells:

 Spells                   Type           Power      Damage    Failure   Level
 Wereblood                Tmut           8%         N/A       13%         2
 Spider Form              Tmut/Pois      5%         N/A       36%         3
 Ice Form                 Ice/Tmut       5%         N/A       77%         4


Dungeon Overview and Level Annotations

Branches:
Dungeon (2/15)

Altars:

Portals:
Sewer: D:3


Innate Abilities, Weirdness & Mutations

You cannot wear most types of armour.
You are amphibious.
You can wear up to eight rings at the same time.
Your skin changes colour to match your surroundings (Stealth+).
Your rubbery body absorbs attacks. (AC +1, EV +1)
((You are camouflaged when in or above water. (Stealth+)))
You have tentacles for arms and can constrict up to eight enemies at once.


Message History

You closely miss the adder. Your grab misses the adder.
The river rat closely misses you. The adder barely misses you.
You tentacle-slap the adder but do no damage.
You grab the adder.
Your tentacle-slap misses the adder.
You constrict the adder. The rat bites you but does no damage.
The adder barely misses you. The river rat bites you.
You tentacle-slap the adder.
The adder is moderately wounded.
You constrict the adder. The adder closely misses you. The rat bites you.
The river rat closely misses you.
You release your grip on the adder.
The adder attacks as you move away! The adder barely misses you.
You hear the rusting of a drain.
You tentacle-slap the adder. Your grab misses the adder. You squeeze the adder.
You kill the adder!
You barely miss the rat. You grab the rat.
You squeeze the rat, but do no damage. You constrict the rat.
You kill the rat!
You tentacle-slap the ball python. Your grab misses the ball python.
The ball python is severely wounded.
The ball python closely misses you. The ball python misses you.
You tentacle-slap the ball python.
You kill the ball python!
You tentacle-slap the river rat but do no damage.
You grab the river rat. You squeeze the river rat.
The river rat is moderately wounded.
You constrict the river rat, but do no damage.
The river rat bites you!
You barely miss the river rat. Your squeeze misses the river rat.
The river rat is moderately wounded.
You constrict the river rat, but do no damage.
The river rat bites you.
* * * LOW HITPOINT WARNING * * *
You tentacle-slap the river rat but do no damage.
The river rat is moderately wounded.
You constrict the river rat.
The river rat escapes!
You tentacle-slap the river rat. Your grab misses the river rat.
The river rat is severely wounded.
The river rat bites you.
You die...

############
#..........#
#.########.# #.#
#....# #.#
##..#.#### ##.##
#........#
###...###.######.#
..........#~~~~#.#
###...###.#~~~~r@#
# ##......#~~∩~#r#
# #####..#~~~~#.#
## .#~~~~#.# <#
######.# .# ..# .#
### ## #


You could see a river rat and a rat.

Vanquished Creatures
  2 adders
  A dart slug (D:2)
  A bat (D:1)
  3 endoplasms (D:2)
  2 hobgoblins (D:1)
  3 jackals (D:3)
  4 kobolds
  A quokka (D:1)
  A ball python (D:3)
  2 frilled lizards (D:1)
  2 rats
22 creatures vanquished.

Notes
Turn   | Place    | Note
-------+----------+-------------------------------------------
     0 | D:1      | Leeroy the Octopode Transmuter began the quest for the Orb.
     0 | D:1      | Reached XP level 1. HP: 13/13 MP: 3/3
   655 | D:1      | Reached XP level 2. HP: 18/18 MP: 5/5
   886 | D:2      | Reached skill level 4 in Unarmed Combat
   943 | D:2      | Reached XP level 3. HP: 17/23 MP: 6/6
   999 | D:2      | You fall into a shaft and drop 1 floor!
  1163 | D:3      | Found a faded altar of an unknown god.
  1197 | D:3      | Found a glowing drain.
  1210 | D:3      | Slain by a river rat

Illustrated notes

Levels and vault maps discovered:
D:1:      minmay_arrival_five_plusses, layout_loops_corners,
          reono_crystal_passage, chequers_serial_rivers_micro_d
D:2:      layout_loops_ring
D:3:      layout_loops_ring, nicolae_sif_muna_little_library,
          shapermc_ecumenical_altar_acropolis, portal_sewer_entry_c,
          serial_shops, nicolae_shop_crystal

Skill      XL: |  1  2 |
---------------+-------+-----
Unarmed Combat | 4 |  4.5
Fighting       | |  1.0
Dodging        | |  2.0
Spellcasting   | |  2.0
Transmutations | |  2.0

Action                     || total
---------------------------++-------
  Melee: Unarmed           ||    54
         Constrict         ||    11
         Tentacles         ||    12
         Punch             ||     2
   Stab: Sleeping          ||     4
 Armour: Skin              ||     4
  Dodge: Dodged            ||    34

Table legend: (Time is in decaauts)
 A = Elapsed time spent in this place.
 B = Non-inter-level travel time spent in this place.
 C = Inter-level travel time spent in this place.
 D = Time resting spent in this place.
 E = Time spent auto-exploring this place.
 F = Levels seen in this place.
 G = Mean time per level.
                   A        B        C        D        E       F      G
               +--------+--------+--------+--------+--------+-----+--------+
         Total |   1205 |   1175 |     30 |      0 |   1025 |   3 |  401.7 |
       Dungeon |   1205 |   1175 |     30 |      0 |   1025 |   3 |  401.7 |
               +--------+--------+--------+--------+--------+-----+--------+

Top non-repeatable levels by time:
     D:1: 788 daAuts
     D:3: 209 daAuts
     D:2: 207 daAuts
